[Event "*** Titled Tuesday Blitz"]
[Site "Chess.com"]
[Date "2021.03.09"]
[Round "9"]
[White "LionChessClub"]
[Black "Sergey85Rodchenkov"]
[Result "1/2-1/2"]
[WhiteElo "2610"]
[BlackElo "2520"]
[TimeControl "180+1"]
[EndTime "11:47:47 PST"]
[Termination "Game drawn by repetition"]

1. e4 c5 2. Nc3 e6 3. g3 d5 4. exd5 exd5 5. Bg2 Nf6 6. d4 cxd4 7. Qxd4 Nc6 8. Qd1 d4 9. Nce2 Bb4+ 10. Bd2 Bc5 11. Nf3 O-O 12. O-O Re8 13. Nf4 Bb6 14.
Nd3 Bf5 15. Re1 Rc8 16. Rxe8+ Qxe8 17. a3 h6 18. h3 Ne4 19. g4 Bh7 20. Bf4 Qe7 21.
Qe2 Re8 22. Re1 Bc7 23. Bxc7 Qxc7 24. Nd2 f5 25. gxf5 Nd6 26. Qd1 Rxe1+ 27. Qxe1 Bxf5 28. Nf3 Bxd3 29. cxd3 Qf7 30. Nd2 Kf8 31. Ne4 Qe6 32. Kh2 Qe5+ 33. Kh1 Nxe4 34. Bxe4 Nd8 35. Qb4+ Ke8 36.
Qc4 Qf6 37. Qc7 g5 38. Kg1 Ne6 39. Qc8+ Nd8 40. Qc7 Ne6 41. Qb8+ Nd8 42. Qc7 1/2-1/2

[Event "*** Titled Tuesday Blitz"]
[Site "Chess.com"]
[Date "2021.03.09"]
[Round "9"]
[White "MuhittinBuker"]
[Black "schondeln"]
[Result "0-1"]
[WhiteElo "2174"]
[BlackElo "2407"]
[TimeControl "180+1"]
[EndTime "11:47:47 PST"]
[Termination "schondeln won on time"]

1. d4 d5 2. c4 c6 3. Nc3 Nf6 4. Nf3 dxc4 5. a4 Bf5 6. e3 e6 7. Bxc4 Bb4 8. O-O Nbd7 9. h3 O-O 10. Nh4 Bg6 11. Nxg6 hxg6 12. Qe2 Qe7 13. e4 Rfd8 14. Bg5 e5 15. d5 Nb6 16. dxc6 bxc6 17. Bb3 a5 18.
Rfd1 Rxd1+ 19. Rxd1 Rd8 20. g4 Rd4 21. Be3 c5 22. f3 c4 23. Ba2 Rxd1+ 24. Qxd1 Bc5 25. Qd2 Qd7 26. Kg2 Bxe3 27. Qxe3 Nxa4 28. Nxa4 Qxa4 29.
Qa3 Qc2+ 30. Kg3 a4 31. Qc3 Qxc3 32. bxc3 Nd7 0-1

[Event "*** Titled Tuesday Blitz"]
[Site "Chess.com"]
[Date "2021.03.09"]
[Round "9"]
[White "Eliwood44"]
[Black "SanchezKelvin"]
[Result "1-0"]
[WhiteElo "2494"]
[BlackElo "2581"]
[TimeControl "180+1"]
[EndTime "11:47:48 PST"]
[Termination "Eliwood44 won by checkmate"]

1. d4 Nf6 2. Nf3 c5 3. d5 g6 4.
Nc3 Bg7 5. e4 d6 6. Bb5+ Bd7 7. a4 O-O 8. h3 Na6 9. O-O Nc7 10. Re1 Bxb5 11. axb5 Nd7 12. Qd3 Qb8 13. Bg5 Re8 14. Bf4 a6 15. bxa6 Nxa6 16. Qb5 Qc7 17.
Bg3 Nb4 18. Rxa8 Rxa8 19. Qc4 Nb6 20. Qe2 Na2 21. Nb5 Qd7 22. c4 Nb4 23. e5 dxe5 24.
Nxe5 Qf5 25. b3 Ra2 26. Qg4 Qxg4 27. Nxg4 Bf8 28. Bc7 Nd7 29. d6 exd6 30. Re8 Kg7 31. Nxd6 Na6 32. Rd8 Nxc7 33. Rxd7 Bxd6 34. Rxd6 h5 35.
Ne5 Ne6 36. Rd7 Ra1+ 37. Kh2 Kf6 38. Nxf7 b6 39. Nd8 Nd4 40. Rb7 Ra6 41. f4 Nxb3 42. Rf7# 1-0

[Event "*** Titled Tuesday Blitz"]
[Site "Chess.com"]
[Date "2021.03.09"]
[Round "9"]
[White "eljanov"]
[Black "elextranjero00"]
[Result "0-1"]
[WhiteElo "2836"]
[BlackElo "2663"]
[TimeControl "180+1"]
[EndTime "11:47:49 PST"]
[Termination "elextranjero00 won by checkmate"]

1. e4 e5 2. Nf3 Nc6 3. Bc4 Bc5 4. c3 Nf6 5. d3 O-O 6. O-O d6 7. Re1 a5 8. Bb5 Bd7 9. h3 Re8 10. Nbd2 a4 11. Nf1 Qb8 12. Be3 Bxe3 13. Nxe3 Ne7 14. Bxd7 Nxd7 15. Nh4 Qd8 16. d4 Nf6 17. Nef5 Nxf5 18. Nxf5 g6 19. Ng3 h5 20. Qf3 Qe7 21.
Rad1 Ra5 22. Re2 h4 23. Nf1 exd4 24. Rxd4 Re5 25. Nd2 d5 26. Rxa4 dxe4 27. Qe3 Nd5 28.
Qxe4 Qg5 29. Qxd5 Rxd5 30. Rxe8+ Kg7 31. Nf3 Rd1+ 32. Kh2 Qf6 33. Rxh4 Qd6+ 34. g3 Qd3 35. Rf4 Qf1 36. g4 Qxf2# 0-1

[Event "*** Titled Tuesday Blitz"]
[Site "Chess.com"]
[Date "2021.03.09"]
[Round "9"]
[White "RD4ever"]
[Black "GOGIEFF"]
[Result "1-0"]
[WhiteElo "2919"]
[BlackElo "2888"]
[TimeControl "180+1"]
[EndTime "11:47:50 PST"]
[Termination "RD4ever won by resignation"]

1. d4 Nf6 2. c4 g6 3. Nc3 Bg7 4. e4 d6 5. Nge2 O-O 6. Ng3 c5 7. d5 h5 8. Bg5 Nh7 9. Be3 h4 10. Nge2 e6 11. dxe6 Bxe6 12. Nf4 Nc6 13. h3 Bd4 14. Qd2 Qf6 15. Ncd5 Qg7 16. Be2 Bxd5 17.
Nxd5 Rae8 18. Bh6 Qe5 19. O-O Nf6 20. Bf3 Kh7 21. Bf4 Nxe4 22. Qc2 Qf5 23. Bg4 Nb4 24. Qb3 Nxd5 25. Bxf5 Nxf4 26. Bxe4 Rxe4 27. Rfe1 Re5 28. Qxb7 Nd3 29. Rxe5 dxe5 30. Rd1 Nf4 31. Qxa7 Kg7 32. b4 Rd8 33. bxc5 Bxf2+ 34. Kxf2 Rxd1 35. c6 Rd2+ 36. Ke1 Rc2 37. c7 Rxc4 38. Qb7 Rc2 39. Kd1 1-0

[Event "*** Titled Tuesday Blitz"]
[Site "Chess.com"]
[Date "2021.03.09"]
[Round "9"]
[White "FairChess_on_YouTube"]
[Black "hansen"]
[Result "0-1"]
[WhiteElo "2966"]
[BlackElo "2877"]
[TimeControl "180+1"]
[EndTime "11:47:50 PST"]
[Termination "hansen won on time"]

1. Nf3 Nf6 2. c4 c6 3. Nc3 d5 4. e3 g6 5. d4 Bg7 6. Be2 O-O 7. O-O a6 8. a4 a5 9. b3 Na6 10. Ba3 Nb4 11. Ne5 e6 12. Nd3 Nxd3 13. Qxd3 Re8 14. Rac1 e5 15. dxe5 Rxe5 16. cxd5 Bf5 17. Qd2 Nxd5 18.
Rfd1 Qe8 19. Bf3 Nb4 20. Bxb4 axb4 21. Ne2 Bf8 22. Nf4 h5 23. Be2 Re7 24. Qxb4 Rxe3 25. Qxb7 Re4 26. Bc4 Rxf4 27. Bxf7+ Qxf7 28. Qxa8 Be4 29. f3 Rxf3 30. Rf1 Rf5 31. Qd8 Qxb3 32. a5 Qb2 33. Rf2 Qxf2+ 0-1

[Event "*** Titled Tuesday Blitz"]
[Site "Chess.com"]
[Date "2021.03.09"]
[Round "9"]
[White "DinaBelenkaya"]
[Black "MerryPoppies"]
[Result "1/2-1/2"]
[WhiteElo "2346"]
[BlackElo "2197"]
[TimeControl "180+1"]
[EndTime "11:47:50 PST"]
[Termination "Game drawn by repetition"]

1. e4 c6 2. d3 d5 3. Nd2 dxe4 4. dxe4 e5 5. Ngf3 Bd6 6. Bc4 Nf6 7. O-O O-O 8. c3 Bg4 9. a4 a5 10. h3 Bh5 11.
Qc2 Nbd7 12. g4 Bg6 13. Rd1 Qe7 14. Nh4 Nb6 15. Ba2 Rad8 16. b3 Bc5 17. Bb2 Nxg4 18. Nxg6 Bxf2+ 19. Kh1 fxg6 20. Nf1 Qh4 21. Rd3 Ne3 22.
Rxe3 Bxe3 23. Qg2 Rf2 24. Qg4 Qxg4 25. hxg4 Bf4 26. b4+ Kh8 27. Ba3 Rd3 28. bxa5 Rh3+ 29. Kg1 Rc2 30. axb6 Be3+ 31. Nxe3 Rg3+ 32. Kh1 Rh3+ 33.
Kg1 Rg3+ 34. Kf1 Rf3+ 35. Kg1 Rg3+ 1/2-1/2

[Event "*** Titled Tuesday Blitz"]
[Site "Chess.com"]
[Date "2021.03.09"]
[Round "9"]
[White "howitzer14"]
[Black "BillieKimbah"]
[Result "1-0"]
[WhiteElo "3041"]
[BlackElo "2867"]
[TimeControl "180+1"]
[EndTime "11:47:51 PST"]
[Termination "howitzer14 won on time"]

1. b3 d5 2. Bb2 Bf5 3. d3 e6 4.
Nd2 Nf6 5. e3 h6 6. Ne2 Be7 7. a3 O-O 8. h3 Bh7 9. g4 c5 10. Ng3 Nc6 11. h4 d4 12. e4 Nd7 13.
g5 hxg5 14. hxg5 Bxg5 15. Qh5 Bh6 16. f4 e5 17. f5 Qg5 18. Qh2 Qe3+ 19. Kd1 Nf6 20.
Nc4 Ng4 21. Nxe3 Nxh2 22. Nd5 Nxf1 23. Nxf1 f6 24. Bc1 Bxc1 25. Kxc1 g6 26. Ng3 gxf5 27. exf5 Rf7 28. Ne4 Bxf5 29. Ndxf6+ Kg7 30. Rg1+ Bg6 31. Nh5+ Kh6 32. Nhg3 Raf8 33. Kb2 b6 34. Rh1+ Kg7 35. Rag1 Rg8 36. Nh5+ Kf8 37. Nhf6 Bxe4 38. Rxg8+ Ke7 39. Nxe4 1-0

[Event "*** Titled Tuesday Blitz"]
[Site "Chess.com"]
[Date "2021.03.09"]
[Round "9"]
[White "Harry_Rakkel"]
[Black "arctic_t00"]
[Result "1-0"]
[WhiteElo "2642"]
[BlackElo "2533"]
[TimeControl "180+1"]
[EndTime "11:47:51 PST"]
[Termination "Harry_Rakkel won on time"]

1. e4 e6 2. d3 c5 3. g3 Nc6 4. f4 d6 5. Nf3 g6 6. Bg2 Bg7 7. O-O Nge7 8. c3 O-O 9. Na3 Rb8 10.
Be3 b5 11. d4 b4 12. Nc2 bxc3 13. bxc3 Ba6 14. Rf2 cxd4 15. cxd4 d5 16. e5 Nf5 17. Bc1 h5 18. Bf1 Bxf1 19. Qxf1 Re8 20. Kg2 Qb6 21. Qd3 Qb5 22. Qxb5 Rxb5 23. h3 Reb8 24. g4 hxg4 25. hxg4 Nfe7 26. Ba3 Nc8 27. f5 gxf5 28. gxf5 exf5 29.
Ne3 N8e7 30. Rh1 Rb1 31. Rh5 f4 32. Ng4 Ng6 33. Rc2 Nb4 34. Rc7 Nxa2 35. e6 fxe6 36. Rg5 Kh7 37. Nfe5 1-0

[Event "*** Titled Tuesday Blitz"]
[Site "Chess.com"]
[Date "2021.03.09"]
[Round "9"]
[White "Nf3c5"]
[Black "Savagelittlemole"]
[Result "1-0"]
[WhiteElo "2631"]
[BlackElo "2524"]
[TimeControl "180+1"]
[EndTime "11:47:51 PST"]
[Termination "Nf3c5 won by checkmate"]

1. d4 Nf6 2. Bf4 d6 3. Nc3 Nbd7 4.
Nf3 g6 5. e4 Bg7 6. Qd2 O-O 7.
O-O-O c5 8. Bh6 cxd4 9. Nxd4 Nc5 10. Bxg7 Kxg7 11. f3 a6 12. h4 h5 13. Be2 b5 14.
a3 Qb6 15. Rhe1 b4 16. axb4 Qxb4 17. Nb1 Qxd2+ 18. Rxd2 Bb7 19. Nc3 Rfc8 20. Bf1 Nfd7 21. g3 Ne5 22. Nd5 Bxd5 23. exd5 Rc7 24. f4 Ng4 25.
Bh3 Nf6 26. Bg2 a5 27. Rde2 a4 28. Rxe7 Rxe7 29. Rxe7 a3 30. bxa3 Rxa3 31. Ne6+ Nxe6 32. dxe6 Ng8 33. Rxf7+ Kh6 34. Bd5 Rxg3 35. Kd2 Ra3 36.
e7 Nxe7 37. Rxe7 Rh3 38. Bg8 g5 39. hxg5+ Kg6 40. Bh7# 1-0

[Event "*** Titled Tuesday Blitz"]
[Site "Chess.com"]
[Date "2021.03.09"]
[Round "9"]
[White "Gerasimenyuk_Miha"]
[Black "barbara25"]
[Result "0-1"]
[WhiteElo "2426"]
[BlackElo "2297"]
[TimeControl "180+1"]
[EndTime "11:47:52 PST"]
[Termination "barbara25 won by resignation"]

1. d4 d5 2. Nf3 Nf6 3. Bg5 e6 4. e3 Be7 5. Nbd2 O-O 6. Bd3 b6 7. c3 Ba6 8. Bb1 c5 9. h4 Nbd7 10. Ne5 Nxe5 11. dxe5 Nd7 12. f4 Re8 13. Qh5 Nf8 14.
Rh3 Qd7 15. Rg3 Ng6 16. Qg4 Bxg5 17. hxg5 Qb5 18. b3 d4 19. a4 Qd7 20. exd4 cxd4 21.
c4 d3 22. Bxd3 Qd4 23. O-O-O Red8 24. Kc2 Nxf4 25. Ne4 Ng6 26. Rh3 Qxe5 27. Qh5 Bb7 28. Qxh7+ Kf8 29. Nc3 Qxg5 30. Bxg6 Qxg6+ 31. Qxg6 fxg6 32. Rf1+ Kg8 33. Rg3 Rf8 34. Re1 Rf2+ 35. Re2 Raf8 36. Rxg6 Rxe2+ 37. Nxe2 Be4+ 0-1

[Event "*** Titled Tuesday Blitz"]
[Site "Chess.com"]
[Date "2021.03.09"]
[Round "9"]
[White "canary2016"]
[Black "yonaltimur"]
[Result "1-0"]
[WhiteElo "2054"]
[BlackElo "1817"]
[TimeControl "180+1"]
[EndTime "11:47:52 PST"]
[Termination "canary2016 won on time"]

1. d4 d5 2. Bf4 Nf6 3. c4 dxc4 4. e3 a6 5. Bxc4 b5 6. Bd3 Bb7 7. Nf3 e6 8. O-O Bd6 9. Bg3 O-O 10. Nbd2 Nbd7 11. Rc1 Rc8 12. e4 Bxg3 13. hxg3 c5 14. e5 Nd5 15. dxc5 Nxc5 16. Bb1 Qe7 17. Qc2 g6 18.
Nb3 Nb4 19. Qd2 Nxb3 20. axb3 Bd5 21. Qh6 f5 22. exf6 Qxf6 23. Ng5 Qg7 24. Qh4 Nc6 25. Be4 Bxe4 26. Qxe4 Qe5 27. Qh4 Rc7 28. Rfe1 Qg7 29.
Nxe6 Qf7 30. Nxf8 Qxf8 31. Qe4 1-0

[Event "*** Titled Tuesday Blitz"]
[Site "Chess.com"]
[Date "2021.03.09"]
[Round "9"]
[White "K_A_S_T_O_R"]
[Black "PrinceMurad09"]
[Result "0-1"]
[WhiteElo "2778"]
[BlackElo "2580"]
[TimeControl "180+1"]
[EndTime "11:47:53 PST"]
[Termination "PrinceMurad09 won by resignation"]

1. e4 c5 2. Nf3 d6 3. d4 cxd4 4. Nxd4 Nf6 5. Nc3 g6 6. Be2 Bg7 7. O-O Nc6 8. Nb3 O-O 9. Bg5 Bd7 10. Qd2 Rc8 11. Rad1 Ne5 12. Bh6 Nc4 13. Bxc4 Rxc4 14. Bxg7 Kxg7 15. Rfe1 Qc8 16. f3 b5 17. Rc1 b4 18. Nd5 Nxd5 19. exd5 Re8 20. Kh1 Qc7 21. c3 bxc3 22. Rxc3 Rxc3 23. bxc3 Qc4 24. h3 Bf5 25. Re3 h5 26. Kg1 a6 27. Na5 Qc5 28. Nb3 Qc4 29. Re1 Rc8 30. Re3 Rc7 31. g4 hxg4 32. hxg4 Bc8 33. Rd3 Bb7 34. Kf2 a5 35. Nc1 Rc5 36.
Nb3 Rxd5 37. Rxd5 Qxd5 38. Qxd5 Bxd5 39. Nxa5 Bxa2 40. c4 f5 41. g5 f4 42. Ke2 Bb1 43.
Kd2 Kf7 44. Nc6 Bf5 45. Kc3 Bd7 46. Nb4 e5 47. Kd3 Ke6 48. Ke2 Kf5 49. Nd3 Kxg5 50. c5 Bb5 51. cxd6 Kf6 52. Kd2 Bxd3 53. Kxd3 Ke6 0-1

[Event "*** Titled Tuesday Blitz"]
[Site "Chess.com"]
[Date "2021.03.09"]
[Round "9"]
[White "Gulkov_Igor"]
[Black "Volodar_Murzin"]
[Result "0-1"]
[WhiteElo "2540"]
[BlackElo "2663"]
[TimeControl "180+1"]
[EndTime "11:47:53 PST"]
[Termination "Volodar_Murzin won by resignation"]

1. Nf3 Nf6 2. c4 g6 3. Nc3 Bg7 4. e4 O-O 5. d4 d6 6. Be2 e5 7.
Be3 Nc6 8. d5 Ne7 9. Nd2 a5 10. a3 h5 11. f3 Nh7 12. b4 f5 13. c5 g5 14. Nc4 axb4 15. axb4 Rxa1 16.
Qxa1 g4 17. cxd6 cxd6 18. Qa5 Ng6 19. Qxd8 Rxd8 20. Nb6 Nf4 21. Bxf4 exf4 22. Nb5 fxe4 23. fxe4 Be5 24. h3 Nf6 25. Bd3 Bd7 26. Nxd7 Rxd7 27. Kd2 Rg7 28. h4 Kh7 29. Ke2 Kh6 30. Na3 Rc7 31. Nc4 Kg7 32. Nxe5 dxe5 33. Ra1 Ne8 34. Ra8 Kf7 35. b5 Rc3 36. Kd2 Rb3 37. Kc2 Rb4 38. Kc3 Rd4 39. Rb8 Nd6 40. b6 f3 41.
gxf3 gxf3 42. Ra8 Nxe4+ 43. Bxe4 Rxe4 44. Ra2 Rxh4 0-1

[Event "*** Titled Tuesday Blitz"]
[Site "Chess.com"]
[Date "2021.03.09"]
[Round "9"]
[White "rachidhuilda"]
[Black "NarminSoyunlu"]
[Result "1-0"]
[WhiteElo "2266"]
[BlackElo "2053"]
[TimeControl "180+1"]
[EndTime "11:47:53 PST"]
[Termination "rachidhuilda won by resignation"]

1. d4 Nf6 2. Nf3 b6 3. g3 Bb7 4. Bg2 e6 5. O-O Be7 6. b3 c5 7. c4 cxd4 8. Nxd4 Bxg2 9. Kxg2 Qc8 10. Bb2 Qb7+ 11. f3 O-O 12. e4 d6 13. Nc3 Nc6 14. Qd2 a6 15. Rfd1 Rac8 16. Rac1 Nd7 17. Qf2 Nde5 18.
Rd2 Rfd8 19. Rcd1 h6 20. h3 Nxd4 21. Qxd4 Nc6 22. Qe3 Qc7 23. f4 Bf6 24. g4 Na5 25.
Kg3 b5 26. e5 dxe5 27. Rxd8+ Rxd8 28. Rxd8+ Qxd8 29. fxe5 Bg5 30. Qe2 bxc4 31. bxc4 Qd4 32. Ne4 Qxc4 33. Qxc4 Nxc4 34. Bc3 Bc1 35. Nc5 a5 36.
Nb3 Be3 37. Nxa5 Nxa5 38. Bxa5 Bd4 39. Kf4 Kf8 40. Ke4 Bb2 41. Bc7 Ke7 42. Bd6+ Kd7 43. Bf8 g6 44. Bxh6 Kc6 45. Bf8 Bc3 46. h4 Be1 47. h5 gxh5 48. gxh5 1-0

[Event "*** Titled Tuesday Blitz"]
[Site "Chess.com"]
[Date "2021.03.09"]
[Round "9"]
[White "VladimirBugayev"]
[Black "gatocorbis"]
[Result "1-0"]
[WhiteElo "2258"]
[BlackElo "2100"]
[TimeControl "180+1"]
[EndTime "11:47:54 PST"]
[Termination "VladimirBugayev won on time"]

1. e4 c5 2. Nc3 g6 3. d4 Bg7 4. dxc5 Bxc3+ 5. bxc3 Qa5 6. Ne2 Qxc5 7.
Be3 Qc7 8. g3 d6 9. Bg2 Nc6 10.
O-O Nf6 11. Nd4 Bd7 12. Qd3 Ne5 13. Qe2 O-O 14. h3 Qxc3 15. Rab1 Qc7 16. f4 Nc4 17. Bf2 a6 18. e5 dxe5 19. fxe5 Nxe5 20. Rxb7 Qd6 21.
Rd1 Rad8 22. Nf5 Qe6 23. Ne3 Bc6 24. Rb6 Rxd1+ 25. Nxd1 Qd6 26. Bxc6 Nxc6 27. Qf3 Rc8 28. Nc3 Qd7 29. Qe3 Nd5 30. Nxd5 Qxd5 31. Rxa6 Qd1+ 32. Kh2 Qd5 33. Qc5 Qf3 34. Qe3 1-0

[Event "*** Titled Tuesday Blitz"]
[Site "Chess.com"]
[Date "2021.03.09"]
[Round "9"]
[White "Azerichess"]
[Black "Sanan_Sjugirov"]
[Result "0-1"]
[WhiteElo "2955"]
[BlackElo "2904"]
[TimeControl "180+1"]
[EndTime "11:47:55 PST"]
[Termination "Sanan_Sjugirov won by resignation"]

1. d4 Nf6 2. c4 e6 3. Nc3 Bb4 4. Qc2 d5 5. a3 Bxc3+ 6. Qxc3 O-O 7. Bg5 c5 8. dxc5 d4 9. Qg3 Nbd7 10. e3 e5 11. O-O-O Re8 12. exd4 exd4 13. Nf3 Nxc5 14. Nxd4 Nce4 15. Qh4 Nxg5 16. Qxg5 Qb6 17. Bd3 Qxd4 18. Kb1 Qg4 19. Qb5 b6 20. f3 Qf4 21. Be4 Rb8 22. Rhe1 Be6 23. Bd3 Rec8 24. g3 Qxf3 25. Ka1 Qc6 26.
Qb4 Qc5 27. Qa4 a5 28. g4 Qc7 29. Qc2 g6 30. h3 b5 31. g5 Nh5 32. Rc1 bxc4 33. Bxg6 hxg6 34. Rxe6 fxe6 35. Qxg6+ Ng7 36. h4 Qe5 0-1

[Event "*** Titled Tuesday Blitz"]
[Site "Chess.com"]
[Date "2021.03.09"]
[Round "9"]
[White "Chessmasterzt"]
[Black "eduardoperalta"]
[Result "1-0"]
[WhiteElo "2636"]
[BlackElo "2527"]
[TimeControl "180+1"]
[EndTime "11:47:55 PST"]
[Termination "Chessmasterzt won by resignation"]

1. d4 Nf6 2. c4 c5 3. Nf3 g6 4.
Nc3 cxd4 5. Nxd4 Nc6 6. g3 Bg7 7. Bg2 O-O 8. O-O d6 9. Nc2 Be6 10. b3 a6 11. Bb2 Rc8 12. Qd2 Qd7 13. Rfd1 Bh3 14. Bh1 Qf5 15. Ne3 Qh5 16. Bf3 Qh6 17. Rac1 Rfd8 18. Ba1 Rd7 19. Ned5 Qxd2 20. Rxd2 Rdd8 21.
Nb6 Rb8 22. Ncd5 Nd7 23. Bxg7 Kxg7 24. Nxd7 Bxd7 25. Nb6 Be8 26. Bg2 h5 27. f4 a5 28.
Kf2 Bd7 29. Nxd7 Rxd7 30. c5 Rbd8 31. Bxc6 bxc6 32. cxd6 Rxd6 33. Rxd6 Rxd6 34. Ke3 h4 35. Rc5 hxg3 36. hxg3 Rd1 37. Rxa5 Rc1 38. Kd2 Rg1 39.
Rc5 Rxg3 40. Rxc6 Rg4 41. Rc4 Rg1 42. a4 f6 43. a5 Rb1 44. Kc2 Re1 45. a6 Rxe2+ 46.
Kd3 Re6 47. a7 Ra6 48. Ra4 Rd6+ 49. Ke3 Re6+ 50. Kf3 Rb6 51. a8=Q Rxb3+ 52. Ke2 Rb6 53. Ra7 Re6+ 54. Kf3 Kf7 55. Qd5 g5 56. Ra6 f5 1-0

[Event "*** Titled Tuesday Blitz"]
[Site "Chess.com"]
[Date "2021.03.09"]
[Round "9"]
[White "Loy_Konstantin"]
[Black "ehrenfeld"]
[Result "0-1"]
[WhiteElo "2357"]
[BlackElo "2500"]
[TimeControl "180+1"]
[EndTime "11:47:55 PST"]
[Termination "ehrenfeld won on time"]

1. e4 e5 2. Nf3 Nc6 3. d4 exd4 4. Nxd4 Bc5 5. Be3 Qf6 6. Nb5 Bxe3 7. fxe3 Qh4+ 8. g3 Qd8 9. Qg4 g6 10. Qf4 d6 11.
N1c3 Be6 12. O-O-O Ne5 13. Be2 Nf6 14. Nxc7+ Qxc7 15. Qxf6 O-O 16. h4 h5 17. Rdg1 Qd8 18.
Qf4 b5 19. g4 Bxg4 20. Bxg4 Nxg4 21. Nd5 f5 22. exf5 Rxf5 23. Qd4 Re5 24. Rxg4 hxg4 25. Qxg4 Kh7 26. Rg1 g5 27. Qh5+ Kg7 28. Rf1 Qd7 29.
hxg5 Rh8 30. Qf3 Qe6 31. Nf6 Rxe3 0-1

[Event "*** Titled Tuesday Blitz"]
[Site "Chess.com"]
[Date "2021.03.09"]
[Round "9"]
[White "MasterKroket"]
[Black "tk22h"]
[Result "0-1"]
[WhiteElo "2451"]
[BlackElo "2358"]
[TimeControl "180+1"]
[EndTime "11:47:56 PST"]
[Termination "tk22h won by checkmate"]

1. d4 Nf6 2. c4 c5 3. d5 e5 4.
Nc3 d6 5. Bg5 Be7 6. e3 a6 7. h4 h6 8. Bxf6 Bxf6 9. h5 Bf5 10.
Bd3 Qd7 11. Nge2 O-O 12. Ng3 Bxd3 13. Qxd3 b5 14. Nce4 Be7 15. Nd2 f5 16. e4 f4 17.
Nf5 Rxf5 18. exf5 bxc4 19. Nxc4 Ra7 20. O-O Rb7 21. b3 Bf8 22. Rfe1 Qf7 23. Qh3 Nd7 24. Rad1 Nf6 25. Na5 Rc7 26. Rc1 Nxd5 27. Red1 Nb4 28. Nc4 Rd7 29. a3 Nc6 30. b4 Nd4 31. Kf1 cxb4 32.
axb4 Rb7 33. Qc3 Qxh5 34. Rxd4 exd4 35. Qd2 Qxf5 36. Qxd4 d5 37. Ne5 Qe4 38. Qxe4 dxe4 39. Ra1 Rxb4 40. Rxa6 Rb1+ 41. Ke2 Rb2+ 42. Kf1 Bc5 43.
f3 e3 44. g4 e2+ 45. Ke1 Bb4+ 46. Kf2 e1=Q# 0-1

[Event "*** Titled Tuesday Blitz"]
[Site "Chess.com"]
[Date "2021.03.09"]
[Round "9"]
[White "chessdiamant"]
[Black "eguindy"]
[Result "1-0"]
[WhiteElo "2335"]
[BlackElo "2441"]
[TimeControl "180+1"]
[EndTime "11:47:56 PST"]
[Termination "chessdiamant won by resignation"]

1. e4 e5 2. Nf3 Nc6 3. Bb5 a6 4.
Ba4 Nf6 5. O-O Be7 6. Re1 b5 7. Bb3 O-O 8. h3 d6 9. c3 h6 10. d4 Re8 11. Nbd2 Bf8 12. Bc2 g6 13. Nf1 Bg7 14.
Ng3 Bb7 15. a4 exd4 16. cxd4 Nb4 17. Bb1 c5 18. d5 Nd7 19. axb5 axb5 20. Rxa8 Bxa8 21.
Bf4 Qf6 22. Qd2 Qxb2 23. Qxb2 Bxb2 24. Bxd6 Bg7 25. Rc1 Bf8 26. Bxf8 Kxf8 27. Nd2 c4 28. f4 Nc5 29. Nxc4 bxc4 30. Rxc4 Nca6 31. d6 Bc6 32. e5 Bb5 33. Rc1 Bd7 34. Ne4 Rc8 35.
Rd1 Nc5 36. Nf6 Be6 37. g4 Nc6 38. Rc1 Nd7 39. f5 Ndxe5 40. fxe6 fxe6 41. Be4 Kf7 42. g5 hxg5 43. Ng4 Nxg4 44. hxg4 Na7 45. Rxc8 1-0

[Event "*** Titled Tuesday Blitz"]
[Site "Chess.com"]
[Date "2021.03.09"]
[Round "9"]
[White "WilliamSchill"]
[Black "kuhlmann"]
[Result "0-1"]
[WhiteElo "2059"]
[BlackElo "2401"]
[TimeControl "180+1"]
[EndTime "11:47:56 PST"]
[Termination "kuhlmann won on time"]

1. e4 a5 2. d4 g6 3. Nc3 Bg7 4. Be3 d6 5. Qd2 Nd7 6. Nf3 e5 7. Bc4 Ngf6 8. h3 O-O 9. O-O a4 10.
Bh6 c6 11. Bxg7 Kxg7 12. dxe5 dxe5 13. a3 b5 14. Ba2 Qe7 15. Rad1 Bb7 16. Qd6 Rfe8 17.
Qc7 Nc5 18. Qxe7 Rxe7 19. Rfe1 Nfd7 20. Rd6 f6 21. Red1 Nb6 22. Nh2 h5 23. f3 Rae8 24.
Ne2 Nc8 25. R6d2 Ne6 26. Nf1 h4 27. Ne3 Nf4 28. Nxf4 exf4 29. Ng4 f5 30. exf5 gxf5 31. Nf2 Kf6 32. Kf1 Nb6 33. Rd6+ Kg5 34. Nd3 b4 35. Nxb4 Nc8 36. R6d2 c5 37. Nd5 Ba6+ 38. Kg1 Re1+ 39. Rxe1 Rxe1+ 0-1

[Event "*** Titled Tuesday Blitz"]
[Site "Chess.com"]
[Date "2021.03.09"]
[Round "9"]
[White "Pilopa"]
[Black "esapunov"]
[Result "1-0"]
[WhiteElo "2573"]
[BlackElo "2719"]
[TimeControl "180+1"]
[EndTime "11:47:57 PST"]
[Termination "Pilopa won by resignation"]

1. d4 Nf6 2. c4 g6 3. Nf3 Bg7 4. Nc3 O-O 5. e4 d6 6. Be2 e5 7.
O-O Nc6 8. dxe5 dxe5 9. Bg5 Qxd1 10. Rfxd1 Bg4 11. h3 Bxf3 12. Bxf3 Nd4 13. Nd5 Ne8 14. Be7 c6 15. Ne3 Nc7 16. Bxf8 Bxf8 17. Rac1 a5 18. Nc2 Bc5 19. Nxd4 Bxd4 20. g3 Ne6 21. Kg2 a4 22. Rc2 h5 23. h4 Ra6 24. Kf1 Rb6 25. Rdd2 Nc5 26. Bg2 Rb4 27. Ke2 Kg7 28. f4 f6 29.
Kf3 Rb6 30. Bh3 Na6 31. Rc1 Kf7 32. f5 g5 33. g4 hxg4+ 34. Bxg4 gxh4 35. Rh1 Rxb2 36. Rxb2 Bxb2 37. Rxh4 Kg7 38. Bh5 Nb4 39. Bg6 Nxa2 40. Rh7+ Kg8 41. Rxb7 a3 42. c5 Nc3 43. Bf7+ Kf8 44. Be6 Na4 45. Rf7+ Ke8 46. Rxf6 Nxc5 47.
Ba2 Kd7 48. Rf7+ Kd6 49. Rh7 Nd3 50. f6 Nb4 51. Bc4 a2 52. Bxa2 Nxa2 53. Rh2 Bd4 54. Rxa2 Ke6 55. Ra6 Kxf6 56. Rxc6+ Kg5 57. Rc8 Bb2 58.
Rf8 Bd4 59. Rf5+ Kg6 60. Ke2 Bb2 61. Kd3 Ba1 62. Kc4 Bb2 63. Kd5 Bc3 64. Rxe5 1-0

[Event "*** Titled Tuesday Blitz"]
[Site "Chess.com"]
[Date "2021.03.09"]
[Round "9"]
[White "SerGo055"]
[Black "IljaJoke"]
[Result "1-0"]
[WhiteElo "2607"]
[BlackElo "2481"]
[TimeControl "180+1"]
[EndTime "11:47:57 PST"]
[Termination "SerGo055 won on time"]

1. d4 d5 2. Nf3 c5 3. c3 Nf6 4. Bf4 g6 5. e3 Bg7 6. Nbd2 O-O 7.
Be2 b6 8. O-O Bb7 9. a4 Nc6 10.
h3 Nd7 11. Bh2 e5 12. dxe5 Ndxe5 13. Nxe5 Bxe5 14. Bxe5 Nxe5 15. Nf3 Qf6 16. a5 Rad8 17. axb6 axb6 18. Ra7 Bc6 19. Nxe5 Qxe5 20. Bf3 Rd6 21. Qb3 Bd7 22. Rd1 Be6 23. Qb5 Qg5 24. Rb7 Bxh3 25.
Rxb6 Rxb6 26. Qxb6 d4 27. exd4 cxd4 28. Qxd4 Be6 29. c4 Rc8 30. Bd5 Bxd5 31. cxd5 Qe7 32. d6 Qd7 33. b4 h5 34. Re1 Rd8 35. Re7 Qf5 36. d7 1-0

[Event "*** Titled Tuesday Blitz"]
[Site "Chess.com"]
[Date "2021.03.09"]
[Round "9"]
[White "Sadykov_Ramil"]
[Black "Chernov_Mikhail"]
[Result "0-1"]
[WhiteElo "2553"]
[BlackElo "2415"]
[TimeControl "180+1"]
[EndTime "11:47:58 PST"]
[Termination "Chernov_Mikhail won by resignation"]

1. d4 d5 2. Bf4 Nf6 3. Nc3 c6 4. Qd3 Bg4 5. f3 Bh5 6. e4 Bg6 7. O-O-O Nbd7 8. Qe3 e6 9. Bd3 Qa5 10. Nge2 Be7 11. h4 dxe4 12. fxe4 h6 13. e5 Bxd3 14.
Qxd3 Nd5 15. Nxd5 cxd5 16. Kb1 O-O 17. Rh3 b5 18. Rf1 Qd8 19. Qe3 Kh7 20. g4 Nb6 21.
Qd3+ Kh8 22. g5 h5 23. g6 Nc4 24. Bg5 fxg6 25. Rhf3 Rxf3 26. Rxf3 Bxg5 27. hxg5 Qxg5 28.
a3 Nd2+ 29. Ka2 Nxf3 30. Qxf3 Qg4 31. Qf1 h4 32. c3 h3 33. Nf4 h2 34. Qf2 h1=Q 0-1

[Event "*** Titled Tuesday Blitz"]
[Site "Chess.com"]
[Date "2021.03.09"]
[Round "9"]
[White "Kale36"]
[Black "TimKett"]
[Result "1-0"]
[WhiteElo "2307"]
[BlackElo "2198"]
[TimeControl "180+1"]
[EndTime "11:47:59 PST"]
[Termination "Kale36 won by resignation"]

1. d4 d5 2. Nc3 Nf6 3. Bg5 Nbd7 4. e3 h6 5. Bh4 e6 6. f4 c5 7. Nf3 Qb6 8. Na4 Qa5+ 9. c3 cxd4 10. exd4 b5 11. Nc5 Nxc5 12. dxc5 Qc7 13. Bxb5+ Bd7 14. Bxd7+ Nxd7 15. b4 Qxf4 16. Qd2 Qe4+ 17. Qe2 Qxe2+ 18. Kxe2 Be7 19. Bg3 O-O 20. Rhe1 Bf6 21. Kd3 Rfe8 22. Ne5 Nxe5+ 23. Bxe5 Bxe5 24. Rxe5 f6 25. Re2 e5 26. b5 Kf7 27. a4 f5 28. Rb2 g5 29. b6 axb6 30.
cxb6 Reb8 31. a5 Ra6 32. c4 d4 33. c5 Ke6 34. Kc4 d3 35. Kb5 Raa8 36. c6 e4 37. c7 e3 38. cxb8=Q Rxb8 39. a6 d2 40. a7 Rd8 41. b7 e2 42. Rxd2 Rxd2 43. Re1 Rb2+ 44.
Kc6 Rc2+ 45. Kb6 Rb2+ 46. Kc7 Rc2+ 47. Kb8 1-0